cohdb
Replays
Latest Replays
All Replays
Popular Replays
Top Player Replays
Match Explorer
How It Works
Community
CoH3 Stats
Reddit
Sign in to upload your games and track your stats! →
Sign in with Steam
Match 39217855
Unlisted
Match 39217855
Overview
Messages
Build Orders
End
250 Light Carrier
Panzergrenadier Squad
Panzergrenadier Squad
Panzergrenadier Squad
Construct Light Support Kompanie
Fire Support Elements
2.5-tonne Medical Truck
Selects Italian Infantry
Selects Defensive Operations
Flakvierling Half-track
Selects Guastatori Squad
Selects Registered Artillery
Pak 38 Mechanized Group
Combat Half-tracks
Construct Panzerarmee Kommand
Walking Stuka Rocket Launcher
Selects Prepared Positions
Guastatori Squad
Selects Towed Cannone da 105/28 Field Howitzer
Flak 36 Anti-tank Gun Team
Panzer III L Medium Tank
Panzer III L Medium Tank
Tungsten Core Ammunition
Panzerjäger Squad
Panzerjäger Squad
Registered Artillery
Panzerjäger Squad
Armored Reserves
Selects Obice 305mm Barrage
★HAL-9000★☠
insane
AitorEdy
Mustafag
abre.smb
Rolo
szwed
Cuttysark
0
0
Comments
sign in to comment!
No comments posted yet!